 Dungeon Crawl Stone Soup version 0.23.2 (webtiles) character file.

Game seed: 239456422084352666

58 Borgoz the Cutter (level 4, -8/27 HPs)
             Began as a Kobold Gladiator on Apr 9, 2019.
             Mangled by Sigmund
             ... wielding a +0 scythe
              (12 damage)
             ... on level 2 of the Dungeon.
             The game lasted 00:01:30 (1343 turns).

Borgoz the Cutter (Kobold Gladiator)                Turns: 1343, Time: 00:01:31

Health: -8/27      AC:  5    Str: 14 (16) XL:     4   Next: 21%
Magic:  4/4        EV: 16    Int:  6 (9)  God:
Gold:   102        SH:  0    Dex: 14 (17) Spells: 3/3 levels left

rFire    . . .     SeeInvis .   a - +0 rapier
rCold    . . .     Gourm    .   (shield restricted)
rNeg     . . .     Faith    .   b - +0 leather armour
rPois    .         Spirit   .   c - +0 helmet
rElec    .         Reflect  .   o - +0 cloak
rCorr    .         Harm     .   (no gloves)
MR       .....                  (no boots)
Stlth    ++........             (no amulet)
HPRegen  0.09/turn              (no ring)
MPRegen  0.09/turn              (no ring)

@: mighty, hasted, very quick
A: small, carnivore
a: no special abilities


You were on level 2 of the Dungeon.
You were full.

You visited 1 branch of the dungeon, and saw 2 of its levels.

You collected 102 gold pieces.

Inventory:

Hand Weapons
 a - a +0 rapier (weapon)
Missiles
 d - 3 throwing nets (quivered)
Armour
 b - a +0 leather armour (worn)
 c - a +0 helmet (worn)
 o - a +0 cloak (worn)
Scrolls
 i - a scroll of remove curse {unknown}
 j - a scroll of fear {unknown}
 l - a scroll of teleportation {unknown}
Potions
 g - a potion of cancellation {unknown}
 n - a potion of haste
 p - a potion of mutation {unknown}
Comestibles
 f - 4 rations


   Skills:
 + Level 2.5 Fighting
 * Level 4.8 Short Blades
 - Level 2.1 Throwing
 * Level 1.2 Armour
 * Level 4.2 Dodging
 + Level 1.5 Stealth


You had 3 spell levels left.
You didn't know any spells.
Your spell library was empty.

Dungeon Overview and Level Annotations

Branches:
Dungeon (2/15)

Altars:

Annotations:
D:2 Sigmund


Innate Abilities, Weirdness & Mutations

You are small and have problems with some larger weapons.
You are carnivorous and can eat meat at any time.


Message History

You feel weakened.
You feel dopey.
You feel clumsy. Something completely misses you.
You miss something. You miss something.
You hear some strange, mumbled words.
A puff of flame appears from out of thin air!
The puff of flame hits you!
You miss something. Something hits you.
It was a potion of might.
You feel very mighty all of a sudden.
You hear some strange, mumbled words.
Something tries to affect you, but you resist.
You puncture something! Something hits you!
* * * LOW HITPOINT WARNING * * *
It was a potion of curing.
You feel better.
It was a potion of haste.
You feel yourself speed up. Something hits you!
* * * LOW HITPOINT WARNING * * *
You miss something. You miss something. Something hits you!
You die...

#### ... ####
####.###.# #...
#........# #.##
##{#.##### ###.##
#@#... #.#>..
#.###########.#.##
#...........#.#...
#########.#.#.#.#.
#......#.#.#...
#.####.#.#.....
#...)..#.###.#.
########.......
#."#####


There were no monsters in sight!

Vanquished Creatures
  3 adders (D:2)
  A dart slug (D:1)
  A leopard gecko (D:2)
  4 bats
  3 giant cockroaches (D:2)
  3 goblins
  3 hobgoblins
  A frilled lizard (D:1)
  5 kobolds
  4 rats (D:1)
28 creatures vanquished.

Notes
Turn   | Place    | Note
-------+----------+-------------------------------------------
     0 | D:1      | Borgoz the Kobold Gladiator began the quest for the Orb.
     0 | D:1      | Reached XP level 1. HP: 12/12 MP: 1/1
   278 | D:1      | Reached XP level 2. HP: 17/17 MP: 2/2
   820 | D:2      | Reached skill level 1 in Stealth
   820 | D:2      | Reached XP level 3. HP: 21/22 MP: 3/3
   858 | D:2      | Reached skill level 1 in Armour
  1056 | D:2      | Reached XP level 4. HP: 27/27 MP: 4/4
  1320 | D:2      | Noticed Sigmund
  1343 | D:2      | Mangled by Sigmund

Skill      XL: |  1  2  3 |
---------------+----------+-----
Stealth        | 1 |  1.5
Dodging        | 4 |  4.2
Armour         | 1 |  1.2
Fighting       | |  2.5
Short Blades   | |  4.8
Throwing       | |  2.1

Action                   |  1- 3 |  4- 6 || total
-------------------------+-------+-------++-------
Melee: Rapier            |    70 |    23 ||    93
  Use: Potion            |       |     4 ||     4
 Stab: Sleeping          |     3 |       ||     3
  Eat: Chunk             |     4 |     2 ||     6
Armor: Leather armour    |     9 |     3 ||    12
Dodge: Dodged            |    53 |    11 ||    64
